 Dungeon Crawl Stone Soup version 0.28-a0-230-g086cc6695f (webtiles) character file.

Game seed: 17078705668701407742

2 Gargoyl the Skirmisher (level 1, 0/23 HPs)
             Began as a Gnoll Abyssal Knight on Aug 22, 2021.
             Was a Follower of Lugonu.
             Slain by an orange demon (7 damage)
             ... on level 2 of the Abyss.
             The game lasted 00:00:36 (127 turns).

Gargoyl the Skirmisher (Gnoll Abyssal Knight)        Turns: 127, Time: 00:00:37

Health: 0/23       AC:  3    Str: 11    XL:     1   Next: 40%
Magic:  0/3        EV: 11    Int: 11    God:    Lugonu [*.....]
Gold:   0          SH:  0    Dex: 11    Spells: 0/0 levels left

rFire   . . .      SeeInvis .   a - +1 hand axe
rCold   . . .      Faith    .   (no shield)
rNeg    . . .      Spirit   +   b - +0 leather armour
rPois   .          Reflect  .   (no helmet)
rElec   .          Harm     .   (no cloak)
rCorr   .          Rampage  .   (no gloves)
Will    .....                   (no boots)
Stlth   +.........              e - amulet of guardian spirit
HPRegen 0.07/turn               (no ring)
MPRegen 0.08/turn               (no ring)

@: no status effects
A: fangs 1, strong nose, distributed training
a: Renounce Religion, Depart the Abyss


You were on level 2 of the Abyss.
You worshipped Lugonu.
Lugonu was aware of your devotion.
You visited 0 branches of the dungeon, and saw 0 of its levels.
You visited the Abyss 1 time.

Inventory:

Hand Weapons
 a - a +1 hand axe (weapon)
Armour
 b - a +0 leather armour (worn)
Jewellery
 e - an amulet of guardian spirit (around neck)
Potions
 c - a potion of heal wounds {unknown}
Miscellaneous
 d - a box of beasts (inert)


   Skills:
 + Level 6.4 Fighting
 + Level 0.0 Short Blades
 + Level 0.0 Long Blades
 + Level 4.4 Axes
 + Level 0.0 Maces & Flails
 + Level 0.0 Polearms
 + Level 0.0 Staves
 + Level 0.0 Slings
 + Level 0.0 Bows
 + Level 0.0 Crossbows
 + Level 0.0 Throwing
 + Level 4.4 Armour
 + Level 2.3 Dodging
 + Level 0.0 Stealth
 + Level 0.0 Shields
 + Level 0.0 Unarmed Combat
 + Level 0.0 Spellcasting
 + Level 0.0 Conjurations
 + Level 0.0 Hexes
 + Level 0.0 Summonings
 + Level 0.0 Necromancy
 + Level 0.0 Translocations
 + Level 0.0 Transmutations
 + Level 0.0 Fire Magic
 + Level 0.0 Ice Magic
 + Level 0.0 Air Magic
 + Level 0.0 Earth Magic
 + Level 0.0 Poison Magic
 + Level 4.4 Invocations
 + Level 0.0 Evocations


You couldn't memorise any spells.
You didn't know any spells.
Your spell library was empty.

Dungeon Overview and Level Annotations

Branches:
Dungeon (0/15)

Altars:


Innate Abilities, Weirdness & Mutations

You have very sharp teeth.
Your uncanny sense of smell can sniff out nearby items.
Your experience applies equally to all skills.


Message History

You hit the ufetubus but do no damage. Your bite misses the ufetubus.
The ufetubus hits you. The ufetubus closely misses you.
Your larval weirdfire beast hits the ufetubus!
The ufetubus dies!
Unknown command.
Unknown command.
Your larval weirdfire beast disappears in a puff of smoke!
A quasit comes into view.
The quasit gives a chilling moan.
Found a dented copper amulet.
e - an amulet of guardian spirit You start putting on your amulet.
You continue putting on your amulet of guardian spirit. x2
The quasit misses you.
The quasit claws you but does no damage.
Keep equipping yourself? [Y]es or [N]o only, please.
Keep equipping yourself?
The quasit closely misses you.
You continue putting on your amulet of guardian spirit.
The quasit misses you. The quasit barely misses you. x2
You continue putting on your amulet of guardian spirit.
The quasit bites you but does no damage.
The quasit closely misses you. The quasit barely misses you.
The quasit bites you but does no damage.
The quasit claws you but does no damage. x2
Found a glowing agate ring.
You continue putting on your amulet of guardian spirit.
The quasit bites you. The quasit closely misses you. x2
You finish putting on your amulet of guardian spirit.
You feel your power drawn to a protective spirit.
e - an amulet of guardian spirit (around neck)
An orange demon comes into view.
The quasit bites you. The quasit claws you.
The quasit claws you but does no damage.
The quasit completely misses you. The quasit closely misses you.
The quasit barely misses you. The orange demon stings you from afar.
The orange demon stings you!
You die...

# #..5.. #..#
...... .... . #
. #..... ....
#.. ... .. # #
. ....#... #
##. # #.# # .
#.####.##..##.#
#.4.#####.## ..
#..@5...##.#
∆#..##...#..#
.# ∆#.#
##.##.#. .# ##
#....##
#..#.#...# #..
.#..####
##.##...#
#...###. #..##
#.


You could see an orange demon and a quasit.

Vanquished Creatures (collateral kills)
  An ufetubus (Abyss:2)
1 creature vanquished.

Notes
Turn   | Place    | Note
-------+----------+-------------------------------------------
     0 | Abyss:1  | Gargoyl the Gnoll Abyssal Knight began the quest for the
                  | Orb.
     0 | Abyss:1  | Reached XP level 1. HP: 23/23 MP: 3/3
    25 | Abyss:1  | Noticed a large abomination
   106 | Abyss:2  | Noticed a quasit
   124 | Abyss:2  | Noticed an orange demon
   127 | Abyss:2  | Slain by an orange demon

Illustrated notes

Levels and vault maps discovered:
Abyss:2:  base:
Temple

Action                   || total
-------------------------++-------
Melee: Hand axe          ||     1
Evoke: Box of beasts     ||     1
Armor: Leather armour    ||     6
Dodge: Dodged            ||    18

Table legend: (Time is in decaauts)
 A = Elapsed time spent in this place.
 B = Non-inter-level travel time spent in this place.
 C = Inter-level travel time spent in this place.
 D = Time resting spent in this place.
 E = Time spent auto-exploring this place.
 F = Levels seen in this place.
 G = Mean time per level.
                   A        B        C        D        E       F      G
               +--------+--------+--------+--------+--------+-----+--------+
         Total |    126 |    126 |      0 |      0 |     69 |   2 |   63.0 |
         Abyss |    126 |    126 |      0 |      0 |     69 |   2 |   63.0 |
               +--------+--------+--------+--------+--------+-----+--------+

Top non-repeatable levels by time:
 Abyss:2: 82 daAuts
 Abyss:1: 44 daAuts
